TOP OF THE 1ST |
Charlotte Knights batting - Pitching for Pawtucket Red Sox : RHP Jon Mercado
|
Pitching: RHP Jon Mercado
|
|
Batting: RHB Jason Moss
|
0-0: Called Strike 0-1: SINGLE (Flyball, 4D, EV 83.1 MPH)
|
Batting: LHB Dustin Taylor
|
0-0: Swinging Strike 0-1: SINGLE (Line Drive, 4M, EV 97.5 MPH) Jason Moss to second
|
Batting: LHB Hirakito Herring
|
0-0: DOUBLE (Flyball, 78D, EV 109.4 MPH) Jason Moss scores Dustin Taylor to third
|
Batting: LHB Angel Tellez
|
0-0: Called Strike 0-1: Fly out, F8 (Line Drive, 8LS, EV 92.5 MPH)
|
Batting: LHB John Thurman
|
0-0: Ball Wild Pitch! Dustin Taylor scores Hirakito Herring to third 1-0: Ball 2-0: Called Strike 2-1: Ground out 4-3 (Groundball, 4, EV 76.9 MPH) Hirakito Herring scores
|
Batting: LHB Ricardo Pagan
|
0-0: Called Strike 0-1: Fly out, F3 (Popup, 3F, EV 67.5 MPH)
|
Top of the 1st over - 3 runs, 3 hits, 0 errors, 0 left on base; Charlotte 3 - Pawtucket 0 |
BOTTOM OF THE 1ST |
Pawtucket Red Sox batting - Pitching for Charlotte Knights : LHP David Schultz
|
Pitching: LHP David Schultz
|
|
Batting: LHB Dave Reyes
|
0-0: Foul Ball, location: 2F 0-1: Foul Ball, location: 2F 0-2: Foul Ball, location: 2F 0-2: Foul Ball, location: 2F 0-2: Ball 1-2: SINGLE (Flyball, 56D, EV 92.5 MPH)
|
Batting: RHB Dan Friess
|
0-0: Ball 1-0: SINGLE (Groundball, 4MD, EV 102.5 MPH) Dave Reyes to second Runner from 2nd tries for 3rd, SAFE, throw by CF made to third Dan Friess to second
|
Batting: SHB Ben Ervin
|
0-0: Ball 1-0: Ball 2-0: Fly out, F6 (Line Drive, 6, EV 71.2 MPH) Lined into DP, 6-4 (Line Drive, 6, EV 68.8 MPH)
|
Batting: RHB Dave Nickerson
|
0-0: Called Strike 0-1: Ball 1-1: Ball Steal of home, Dave Reyes is out
|
Bottom of the 1st over - 0 runs, 2 hits, 0 errors, 0 left on base; Charlotte 3 - Pawtucket 0 |
TOP OF THE 2ND |
Charlotte Knights batting - Pitching for Pawtucket Red Sox : RHP Jon Mercado
|
Batting: LHB Matt Hyde
|
0-0: Swinging Strike 0-1: Foul Ball, location: 2F 0-2: Foul Ball, location: 2F 0-2: Ball 1-2: Ball 2-2: Strikes out swinging passed ball, reaches first!
|
Batting: RHB Danny Longoria
|
0-0: Ball 1-0: Ball 2-0: Called Strike 2-1: Ball 3-1: Base on Balls Matt Hyde to second
|
Batting: RHB John Iddings
|
0-0: Called Strike 0-1: Foul Ball, location: 2F 0-2: Ball 1-2: Ball 2-2: Strikes out looking
|
Batting: RHB Jason Moss
|
0-0: Ball 1-0: Foul Ball, location: 2F 1-1: Foul Ball, location: 2F 1-2: Strikes out swinging
|
Batting: LHB Dustin Taylor
|
0-0: Foul Ball, location: 2F 0-1: Foul Ball, location: 2F 0-2: Ball 1-2: Foul Ball, location: 2F 1-2: Foul Ball, location: 2F 1-2: Fly out, F5 (Line Drive, 5, EV 64.4 MPH)
|
Top of the 2nd over - 0 runs, 0 hits, 0 errors, 2 left on base; Charlotte 3 - Pawtucket 0 |
BOTTOM OF THE 2ND |
Pawtucket Red Sox batting - Pitching for Charlotte Knights : LHP David Schultz
|
Batting: RHB Dave Nickerson
|
0-0: Ball 1-0: SINGLE (Groundball, 6S, EV 67.5 MPH) (infield hit)
|
Batting: SHB Willie Koviak
|
0-0: Foul Ball, location: 2F 0-1: Called Strike 0-2: Ball 1-2: Foul Ball, location: 2F 1-2: Ball 2-2: Strikes out swinging
|
Batting: RHB Ernie Genier
|
0-0: Ball 1-0: Fly out, F8 (Flyball, 8RD, EV 99.4 MPH)
|
Batting: RHB Xavier Joslin
|
0-0: Reached on error, E6 (Groundball, 6S, EV 67.5 MPH) Dave Nickerson to third
|
Batting: RHB Brandon Perris
|
0-0: Swinging Strike 0-1: Swinging Strike 0-2: Ball 1-2: Fly out, F3 (Popup, 3SF, EV 76.2 MPH)
|
Bottom of the 2nd over - 0 runs, 1 hit, 1 error, 2 left on base; Charlotte 3 - Pawtucket 0 |
TOP OF THE 3RD |
Charlotte Knights batting - Pitching for Pawtucket Red Sox : RHP Jon Mercado
|
Batting: LHB Hirakito Herring
|
0-0: Ball 1-0: Ball 2-0: Ball 3-0: Base on Balls
|
Batting: LHB Angel Tellez
|
0-0: Swinging Strike 0-1: Fly out, F7 (Flyball, 7D, EV 82.5 MPH)
|
Batting: LHB John Thurman
|
0-0: Ball 1-0: Ball 2-0: Ball 3-0: Called Strike 3-1: Base on Balls Hirakito Herring to second
|
Batting: LHB Ricardo Pagan
|
0-0: Ball 1-0: Grounds into double play, 6-4-3 (Groundball, 56, EV 98.1 MPH)
|
Top of the 3rd over - 0 runs, 0 hits, 0 errors, 1 left on base; Charlotte 3 - Pawtucket 0 |
BOTTOM OF THE 3RD |
Pawtucket Red Sox batting - Pitching for Charlotte Knights : LHP David Schultz
|
Batting: RHB Joe Evrard
|
0-0: Ball 1-0: Called Strike 1-1: Ball 2-1: Foul Ball, location: 2F 2-2: Ground out 6-3 (Groundball, 6, EV 108.8 MPH)
|
Batting: LHB Dave Reyes
|
0-0: Swinging Strike 0-1: Ball 1-1: Foul Ball, location: 2F 1-2: Strikes out swinging
|
Batting: RHB Dan Friess
|
0-0: Ball 1-0: Ball 2-0: Ball 3-0: Called Strike 3-1: DOUBLE (Line Drive, 89D, EV 100.0 MPH)
|
Batting: SHB Ben Ervin
|
0-0: Ball 1-0: Ball 2-0: Called Strike 2-1: Swinging Strike 2-2: Foul Ball, location: 2F 2-2: SINGLE (Line Drive, 4MD, EV 101.2 MPH) Dan Friess to third Runner from 3rd tries for Home, SAFE, throw by CF to home
|
Batting: RHB Dave Nickerson
|
0-0: Called Strike 0-1: Swinging Strike 0-2: Ball 1-2: Fly out, F9 (Flyball, 89S, EV 91.2 MPH)
|
Bottom of the 3rd over - 1 run, 2 hits, 0 errors, 1 left on base; Charlotte 3 - Pawtucket 1 |
TOP OF THE 4TH |
Charlotte Knights batting - Pitching for Pawtucket Red Sox : RHP Jon Mercado
|
Batting: LHB Matt Hyde
|
0-0: Ball 1-0: Ground out 5-3 (Groundball, 56, EV 96.9 MPH)
|
Batting: RHB Danny Longoria
|
0-0: Fly out, F6 (Line Drive, 56D, EV 64.4 MPH)
|
Batting: RHB John Iddings
|
0-0: Ball 1-0: Swinging Strike 1-1: Foul Ball, location: 2F 1-2: Ball 2-2: DOUBLE (Groundball, 5L, EV 98.8 MPH)
|
Batting: RHB Jason Moss
|
0-0: Ball 1-0: Called Strike 1-1: Swinging Strike 1-2: Ball 2-2: Ground out 1-3 (Groundball, 34S, EV 72.5 MPH)
|
Top of the 4th over - 0 runs, 1 hit, 0 errors, 1 left on base; Charlotte 3 - Pawtucket 1 |
BOTTOM OF THE 4TH |
Pawtucket Red Sox batting - Pitching for Charlotte Knights : LHP David Schultz
|
Batting: SHB Willie Koviak
|
0-0: Ball 1-0: Ball 2-0: Called Strike 2-1: Ball 3-1: Foul Ball, location: 2F 3-2: Fly out, F4 (Line Drive, 4, EV 73.1 MPH)
|
Batting: RHB Ernie Genier
|
0-0: Ball 1-0: Ball 2-0: Ball 3-0: Ground out 6-3 (Groundball, 6, EV 86.9 MPH)
|
Batting: RHB Xavier Joslin
|
0-0: DOUBLE (Line Drive, 7LS, EV 100.0 MPH)
|
Batting: RHB Brandon Perris
|
0-0: Ball 1-0: Called Strike 1-1: SINGLE (Groundball, 34D, EV 101.9 MPH) Xavier Joslin to third
|
Batting: RHB Joe Evrard
|
0-0: Swinging Strike 0-1: Ball 1-1: Swinging Strike 1-2: Ball 2-2: Foul Ball, location: 2F 2-2: Strikes out swinging
|
Bottom of the 4th over - 0 runs, 2 hits, 0 errors, 2 left on base; Charlotte 3 - Pawtucket 1 |
TOP OF THE 5TH |
Charlotte Knights batting - Pitching for Pawtucket Red Sox : RHP Jon Mercado
|
Batting: LHB Dustin Taylor
|
0-0: Ball 1-0: Ball 2-0: Fly out, F8 (Flyball, 89D, EV 97.5 MPH)
|
Batting: LHB Hirakito Herring
|
0-0: Foul Ball, location: 2F 0-1: Fly out, F6 (Line Drive, 6M, EV 63.8 MPH)
|
Batting: LHB Angel Tellez
|
0-0: Called Strike 0-1: Ground out 6-3 (Groundball, 6, EV 84.4 MPH)
|
Top of the 5th over - 0 runs, 0 hits, 0 errors, 0 left on base; Charlotte 3 - Pawtucket 1 |
BOTTOM OF THE 5TH |
Pawtucket Red Sox batting - Pitching for Charlotte Knights : LHP David Schultz
|
Batting: LHB Dave Reyes
|
0-0: Ball 1-0: Ball 2-0: Ball 3-0: Base on Balls
|
Batting: RHB Dan Friess
|
0-0: Fly out, F4 (Line Drive, 4, EV 70.6 MPH)
|
Batting: SHB Ben Ervin
|
0-0: Ball 1-0: Foul Ball, location: 2F 1-1: Foul Ball, location: 2F 1-2: Foul Ball, location: 2F 1-2: Fly out, F7 (Line Drive, 7S, EV 100.6 MPH)
|
Batting: RHB Dave Nickerson
|
0-0: Called Strike Dave Reyes is caught stealing 2nd base 2-4
|
Bottom of the 5th over - 0 runs, 0 hits, 0 errors, 0 left on base; Charlotte 3 - Pawtucket 1 |
TOP OF THE 6TH |
Charlotte Knights batting - Pitching for Pawtucket Red Sox : RHP Jon Mercado
|
Batting: LHB John Thurman
|
0-0: Ball 1-0: Ball 2-0: Swinging Strike 2-1: Foul Ball, location: 2F 2-2: Foul Ball, location: 2F 2-2: Foul Ball, location: 2F 2-2: Foul Ball, location: 2F 2-2: Ball 3-2: Ground out 6-3 (Groundball, 4, EV 101.9 MPH)
|
Batting: LHB Ricardo Pagan
|
0-0: Called Strike 0-1: Swinging Strike 0-2: SINGLE (Groundball, 34D, EV 84.4 MPH) (infield hit)
|
Batting: LHB Matt Hyde
|
0-0: Ball 1-0: Fielders Choice at 2nd, 4-6 (Groundball, 34D, EV 93.1 MPH)
|
Batting: RHB Danny Longoria
|
0-0: Called Strike Pickoff Throw to First - Error! E1 Matt Hyde to second 0-1: DOUBLE (Flyball, 8LXD, EV 106.9 MPH) Matt Hyde scores
|
Batting: RHB John Iddings
|
0-0: Ground out 4-3 (Groundball, 34, EV 88.1 MPH)
|
Top of the 6th over - 1 run, 2 hits, 1 error, 1 left on base; Charlotte 4 - Pawtucket 1 |
BOTTOM OF THE 6TH |
Pawtucket Red Sox batting - Pitching for Charlotte Knights : LHP David Schultz
|
Batting: RHB Dave Nickerson
|
0-0: Called Strike 0-1: Ball 1-1: Ball 2-1: Swinging Strike 2-2: Ball 3-2: Ground out 6-3 (Groundball, 6D, EV 106.2 MPH)
|
Pitching: RHP Jesus Griego
|
|
Batting: SHB Willie Koviak
|
0-0: Ball 1-0: Fly out, F9 (Flyball, 9D, EV 104.4 MPH)
|
Batting: RHB Ernie Genier
|
0-0: Called Strike 0-1: Ball 1-1: Ball 2-1: Ground out 6-3 (Groundball, 6S, EV 83.1 MPH)
|
Bottom of the 6th over - 0 runs, 0 hits, 0 errors, 0 left on base; Charlotte 4 - Pawtucket 1 |
TOP OF THE 7TH |
Charlotte Knights batting - Pitching for Pawtucket Red Sox : RHP Jon Mercado
|
Batting: RHB Jason Moss
|
0-0: Ball 1-0: Ball 2-0: Ball 3-0: Base on Balls
|
Batting: LHB Dustin Taylor
|
0-0: Called Strike 0-1: SINGLE (Groundball, 6MS, EV 71.2 MPH) (infield hit) Jason Moss to second
|
Pitching: RHP Joseph Anderson
|
|
Batting: LHB Hirakito Herring
|
0-0: Called Strike 0-1: Ball 1-1: Grounds into double play, 4-6-3 (Groundball, 4, EV 101.9 MPH) Jason Moss to third
|
Batting: LHB Angel Tellez
|
0-0: Ball 1-0: Ball 2-0: Ball 3-0: Base on Balls
|
Batting: LHB John Thurman
|
0-0: Ball 1-0: Swinging Strike 1-1: Fielders Choice at 2nd, 6-4 (Groundball, 6, EV 91.2 MPH)
|
Top of the 7th over - 0 runs, 1 hit, 0 errors, 2 left on base; Charlotte 4 - Pawtucket 1 |
BOTTOM OF THE 7TH |
Pawtucket Red Sox batting - Pitching for Charlotte Knights : RHP Jesus Griego
|
Batting: RHB Xavier Joslin
|
0-0: Swinging Strike 0-1: Ground out 4-3 (Groundball, 4, EV 81.2 MPH)
|
Pinch Hitting: LHB John Bailey
|
0-0: Ball 1-0: Ball 2-0: Called Strike 2-1: DOUBLE (Line Drive, 3D, EV 102.5 MPH)
|
Batting: RHB Joe Evrard
|
0-0: Foul Ball, location: 2F 0-1: Foul Ball, location: 2F 0-2: Foul Ball, location: 2F 0-2: Ball 1-2: DOUBLE (Line Drive, 3D, EV 102.5 MPH) John Bailey scores
|
Batting: LHB Dave Reyes
|
0-0: Swinging Strike 0-1: Foul Ball, location: 2F 0-2: Ball 1-2: Ball 2-2: Reached via error on a dropped throw from 2B, E3 (Groundball, 34, EV 80.0 MPH) Joe Evrard to third
|
Pitching: RHP Drew Tollefsen
|
|
Batting: RHB Dan Friess
|
0-0: Ball 1-0: Ball 2-0: Foul Ball, location: 2F 2-1: Ball 3-1: Base on Balls Dave Reyes to second
|
Batting: SHB Ben Ervin
|
0-0: Called Strike 0-1: Ball 1-1: Ball 2-1: Ball 3-1: Base on Balls Joe Evrard scores Dave Reyes to third Dan Friess to second
|
Pinch Hitting: LHB Brian Gray
|
0-0: Grounds into fielders choice 4-2 (Groundball, 34, EV 100.0 MPH) Dan Friess to third Ben Ervin to second
|
Batting: SHB Willie Koviak
|
0-0: Ball 1-0: GRAND SLAM HOME RUN (Flyball, 9LD, EV 103.1 MPH), Distance : 382 ft
|
Pitching: RHP Jerry JimAnez
|
|
Batting: RHB Ernie Genier
|
0-0: Called Strike 0-1: Ground out 5-3 (Groundball, 5L, EV 104.4 MPH)
|
Bottom of the 7th over - 6 runs, 3 hits, 1 error, 0 left on base; Charlotte 4 - Pawtucket 7 |
TOP OF THE 8TH |
Charlotte Knights batting - Pitching for Pawtucket Red Sox : RHP Joseph Anderson
|
Now at 2B: John Bailey
|
|
Now in LF: Brian Gray
|
|
Batting: LHB Ricardo Pagan
|
0-0: Called Strike 0-1: Swinging Strike 0-2: Strikes out swinging
|
Batting: LHB Matt Hyde
|
0-0: Ball 1-0: SINGLE (Groundball, 4D, EV 99.4 MPH)
|
Batting: RHB Danny Longoria
|
|
Pinch Hitting: LHB Larry Myers
|
0-0: SINGLE (Line Drive, 8RS, EV 102.5 MPH) Matt Hyde to second
|
Pinch Hitting: LHB Alberto Carrasco
|
0-0: Ball 1-0: Swinging Strike 1-1: Called Strike 1-2: Ball 2-2: Ball 3-2: Foul Ball, location: 2F 3-2: Strikes out swinging
|
Batting: RHB Jason Moss
|
0-0: Foul Ball, location: 2F 0-1: Called Strike 0-2: SINGLE (Groundball, 56D, EV 105.0 MPH) Matt Hyde to third Larry Myers to second Runner from 3rd tries for Home, SAFE, throw by LF to home
|
Pitching: LHP Danny Schneible
|
|
Pinch Hitting: RHB Mike Warzecha
|
0-0: Swinging Strike 0-1: Swinging Strike 0-2: Strikes out swinging
|
Top of the 8th over - 1 run, 3 hits, 0 errors, 2 left on base; Charlotte 5 - Pawtucket 7 |
BOTTOM OF THE 8TH |
Pawtucket Red Sox batting - Pitching for Charlotte Knights : RHP Jerry JimAnez
|
Now at 2B: Mike Warzecha
|
|
Now at 3B: John DeVillier
|
|
Now at SS: Hirakito Herring
|
|
Now in RF: Alberto Carrasco
|
|
Batting: RHB Xavier Joslin
|
0-0: Ball 1-0: Ball 2-0: SINGLE (Groundball, 56, EV 96.9 MPH)
|
Batting: LHB John Bailey
|
0-0: Bunted foul 0-1: Ball 1-1: Bunt missed! 1-2: Ball 2-2: Ball 3-2: Base on Balls Xavier Joslin to second
|
Batting: RHB Joe Evrard
|
0-0: Sac Bunt to P - play at first, batter OUT! 1-3 Xavier Joslin to third John Bailey to second
|
Batting: LHB Dave Reyes
|
0-0: TRIPLE (Flyball, 89XD, EV 93.8 MPH) Xavier Joslin scores John Bailey scores
|
Batting: RHB Dan Friess
|
0-0: Called Strike 0-1: Ball 1-1: Ground out 5-3 (Groundball, 56, EV 86.9 MPH) Dave Reyes scores
|
Pitching: LHP Bobby Martin
|
|
Batting: SHB Ben Ervin
|
0-0: Swinging Strike 0-1: Foul Ball, location: 2F 0-2: Ball 1-2: Strikes out swinging
|
Bottom of the 8th over - 3 runs, 2 hits, 0 errors, 0 left on base; Charlotte 5 - Pawtucket 10 |
TOP OF THE 9TH |
Charlotte Knights batting - Pitching for Pawtucket Red Sox : LHP Danny Schneible
|
Batting: LHB Hirakito Herring
|
0-0: Ball 1-0: Foul Ball, location: 2F 1-1: SINGLE (Line Drive, 78S, EV 103.1 MPH)
|
Batting: LHB Angel Tellez
|
0-0: Foul Ball, location: 2F 0-1: Ball 1-1: Ball 2-1: Foul Ball, location: 2F 2-2: Ball 3-2: Foul Ball, location: 2F 3-2: Base on Balls Hirakito Herring to second
|
Batting: LHB John Thurman
|
0-0: Fielders Choice at 2nd, 4-6 (Groundball, 34D, EV 96.2 MPH) Hirakito Herring to third
|
Pinch Hitting: RHB Micah Brown
|
0-0: Called Strike 0-1: Called Strike 0-2: Foul Ball, location: 2F 0-2: Ball 1-2: Ball 2-2: Ball 3-2: Strikes out looking
|
Pitching: RHP Michael Vazquez
|
|
Batting: LHB Matt Hyde
|
0-0: Foul Ball, location: 2F 0-1: 3-RUN HOME RUN (Flyball, 9D, EV 97.5 MPH), Distance : 357 ft
|
Pitching: LHP Mike Nimmo
|
|
Batting: RHB John DeVillier
|
0-0: Fly out, F8 (Line Drive, 78M, EV 103.8 MPH)
|
Top of the 9th over - 3 runs, 2 hits, 0 errors, 0 left on base; Charlotte 8 - Pawtucket 10 |
|